Map: New Repugnancy LE

Players

XxARFENIXxX - Winner!

  • Race: Zerg Zerg
  • League: Platinum
  • Spawn Location: 7:00

Seph

  • Race: Zerg Zerg
  • Spawn Location: 1:00

VOD

Have the link to the VOD?

Description

Time

  • Played on: Feb. 14, 2019, 8:47 p.m.
  • Length: 9:16
Show
View Real Time Build Order
Export as new Build Order

XxARFENIXxX Zerg - Winner!

Build Orders: Hatch First 

Get SALT Encoding   

  12  0:02  Drone  
  13  0:13  Drone  
  14  0:36  Hatchery  
  14  0:39  Drone  
  14  0:55  Spawning Pool  
  13  1:00  Drone  
  14  1:08  Overlord  
  14  1:22  Extractor  
  14  1:23  Drone  
  14  1:32  Drone  
  14  1:33  Drone  
  14  1:36  Drone  
  17  1:44  Queen  
  19  1:54  Drone x2  
  21  1:56  Queen  
  23  2:11  Drone  
  23  2:12  Extractor, Drone x2  
  25  2:34  Zergling x6  
  28  2:50  Lair  
  28  3:03  Metabolic Boost  
  28  3:06  Overlord  
  28  3:07  Overlord x2  
  28  3:28  Roach Warren  
  28  3:30  Drone x2  
  28  3:31  Drone, Baneling Nest  
  28  3:32  Drone  
  30  3:56  Zergling x2  
  30  3:57  Zergling x10  
  31  4:08  Zergling x8  
  28  4:29  Queen x2  
  32  4:36  Baneling x2  
  32  4:38  Baneling x2  
  32  4:44  Drone x2  
  34  4:48  Drone  
  35  5:00  Drone  
  35  5:01  Drone x2  
  36  5:36  Roach x6  
  36  5:39  Centrifical Hooks  
  47  6:08  Roach x2  
  47  6:10  Overlord x3  
  51  6:19  Glial Reconstitution  
  40  6:58  Roach  
  40  6:59  Roach x6  
  40  7:00  Roach x6  
  50  7:48  Zergling x6  
  50  7:49  Roach x4, Zergling x10  
  66  8:00  Overseer  
  66  8:05  Hatchery  
  65  8:20  Drone  
  65  8:21  Drone x3  
  69  8:27  Ravager  
  69  8:28  Ravager x3  
  69  8:30  Baneling x5  
  69  8:31  Baneling x2  
Show
View Real Time Build Order
Export as new Build Order

Seph Zerg 

Build Orders: Pool First 

Get SALT Encoding   

  12  0:21  Spawning Pool  
  11  0:23  Drone  
  12  0:31  Overlord  
  12  0:42  Extractor  
  11  0:44  Drone  
  11  0:45  Drone  
  11  0:48  Drone  
  14  0:57  Drone  
  15  1:09  Drone  
  16  1:11  Queen  
  18  1:19  Drone  
  19  1:31  Zergling x2  
  20  1:39  Zergling x2  
  21  1:47  Metabolic Boost  
  21  1:50  Zergling x2  
  22  2:03  Overlord  
  22  2:19  Hatchery  
  22  2:21  Zergling x2  
  22  2:36  Drone x4  
  26  2:52  Roach Warren  
  24  3:04  Zergling x8  
  28  3:10  Zergling x2  
  29  3:26  Extractor  
  28  3:29  Extractor  
  27  3:51  Lair  
  21  4:29  Roach x3  
  25  4:34  Roach x5  
  35  4:46  Overlord  
  35  4:54  Glial Reconstitution  
  35  5:00  Overlord  
  35  5:03  Queen  
  37  5:08  Roach x2  
  37  5:09  Roach  
  43  5:15  Overlord x2  
  41  5:33  Roach  
  41  5:34  Roach x2  
  47  5:37  Roach  
  49  5:51  Roach x2  
  53  6:01  Roach x2  
  57  6:21  Extractor  
  57  6:22  Drone x3  
  57  6:23  Drone x3  
  56  6:53  Roach x4  
  56  6:54  Roach x2  
  38  7:46  Roach x4  
  38  7:47  Roach x2  
  50  7:56  Queen  
  52  8:05  Drone  
  53  8:25  Drone x3  
  56  8:29  Drone x2  
  58  8:45  Drone x2  
  58  8:47  Overlord  
Tags
 
Add a new tag
Caveats
  • Supply blocks, unpowered buildings, or Contaminate may cause inaccurate times.
  • Supply counts are checked every 10 seconds.